Map: Galactic Process LE

Players

Fropez - Winner!

  • Race: Protoss Protoss
  • League: Gold
  • Spawn Location: 1:00

Ratel

  • Race: Terran Terran
  • League: Gold
  • Spawn Location: 7:00

VOD

Have the link to the VOD?

Description

Time

  • Played on: Oct. 14, 2016, 9:57 p.m.
  • Length: 13:46
Show
View Real Time Build Order
Export as new Build Order

Fropez Protoss - Winner!

Build Orders: 1 Gate Expand 

Get SALT Encoding   

  12  0:01  Probe (Chrono Boost)  
  13  0:11  Probe (Chrono Boost)  
  14  0:22  Pylon, Probe (Chrono Boost)  
  15  0:40  Probe (Chrono Boost), Gateway  
  16  0:51  Probe (Chrono Boost), Assimilator  
  17  1:01  Probe (Chrono Boost)  
  18  1:07  Gateway  
  18  1:12  Probe (Chrono Boost)  
  19  1:23  Probe (Chrono Boost)  
  20  1:42  Nexus  
  20  1:51  Pylon  
  20  1:57  Probe (Chrono Boost)  
  21  2:03  Cybernetics Core  
  21  2:07  Probe (Chrono Boost)  
  22  2:15  Assimilator  
  22  2:18  Probe (Chrono Boost)  
  23  2:29  Probe (Chrono Boost)  
  24  2:36  Gateway  
  24  2:41  Pylon  
  24  2:43  Probe (Chrono Boost)  
  24  2:54  Probe (Chrono Boost), Mothership Core (Chrono Boost)  
  24  2:56  Warp Gate (Chrono Boost)  
  27  3:02  Stalker  
  29  3:09  Stalker  
  31  3:21  Probe (Chrono Boost)  
  31  3:25  Probe (Chrono Boost), Stalker  
  35  3:32  Probe (Chrono Boost)  
  36  3:37  Probe (Chrono Boost)  
  37  3:49  Probe x2 (Chrono Boost)  
  37  3:51  Pylon  
  37  3:52  Stalker  
  37  3:55  Stalker  
  43  3:59  Probe  
  44  4:05  Probe  
  45  4:10  Stalker  
  45  4:14  Probe  
  45  4:15  Pylon  
  48  4:20  Probe, Assimilator  
  49  4:26  Probe  
  50  4:36  Sentry  
  50  4:37  Sentry  
  54  4:56  Probe  
  51  5:14  Probe  
  50  5:37  Pylon, Robotics Facility  
  50  5:39  Probe  
  50  5:41  Probe  
  45  6:05  Stalker x3  
  51  6:37  Probe  
  51  6:38  Probe  
  53  6:45  Stalker x2  
  53  6:46  Stalker  
  57  6:52  Pylon  
  53  6:55  Pylon  
  52  7:06  Observer (Chrono Boost)  
  53  7:11  Probe  
  54  7:18  Probe  
  55  7:25  Nexus, Observer (Chrono Boost)  
  55  7:29  Assimilator  
  56  7:33  Assimilator  
  56  7:35  Pylon  
  56  7:38  Pylon  
  56  7:42  Probe  
  56  7:43  Probe  
  58  7:50  Assimilator  
  58  7:56  Warp Prism (Chrono Boost)  
  58  7:57  Pylon  
  60  7:58  Stalker x2  
  60  7:59  Stalker  
  60  8:00  Forge  
  60  8:03  Probe  
  60  8:04  Probe  
  68  8:13  Probe  
  68  8:16  Probe  
  70  8:26  Twilight Council, Pylon  
  70  8:35  Pylon  
  70  8:43  Probe  
  70  8:45  Probe, Gateway  
  70  8:46  Gateway  
  70  8:47  Protoss Ground Weapons Level 1  
  70  8:48  Probe  
  72  8:54  Probe  
  74  9:01  Observer (Chrono Boost)  
  75  9:06  Blink (Chrono Boost)  
  75  9:13  Adept  
  77  9:22  Stalker x2  
  81  9:33  Immortal  
  85  9:43  Gateway  
  85  9:51  Probe x2, Gateway  
  87  9:54  Gateway  
  87  9:57  Gateway  
  87  9:59  Stalker x2  
  91  10:00  Stalker x2  
  91  10:04  Probe x2  
  91  10:05  Probe  
  98  10:21  Probe x2, Gateway  
  100  10:22  Probe  
  100  10:26  Stalker  
  100  10:27  Stalker  
  103  10:39  Stalker x3  
  101  11:13  Stalker x4  
  101  11:14  Stalker  
  101  12:16  Stalker x2  
  101  12:17  Stalker x3  
  105  12:56  Stalker x4  
  105  12:57  Stalker  
  93  13:31  Nexus  
Show
View Real Time Build Order
Export as new Build Order

Ratel Terran 

Build Orders: Liberator Opening 

Get SALT Encoding   

  12  0:02  SCV  
  13  0:14  SCV  
  14  0:23  Supply Depot  
  14  0:26  SCV  
  15  0:35  Refinery  
  15  0:45  SCV  
  15  0:47  Barracks  
  16  0:55  Refinery  
  16  0:57  SCV  
  17  1:06  Supply Depot  
  17  1:09  SCV  
  18  1:21  SCV  
  19  1:33  SCV  
  19  1:36  Factory  
  19  1:39  Marine  
  21  1:52  SCV  
  22  1:57  Marine  
  23  2:04  SCV  
  24  2:15  Marine  
  25  2:17  Orbital Command  
  25  2:32  Starport  
  25  2:39  Marine  
  25  2:40  Factory Tech Lab  
  26  2:46  Starport  
  26  2:48  SCV  
  27  2:58  Supply Depot  
  27  3:10  Factory Reactor  
  27  3:11  Liberator  
  27  3:15  Supply Depot, Cloaking Field  
  27  3:18  Banshee  
  30  3:31  SCV  
  34  3:39  Marine  
  35  3:53  Widow Mine  
  35  3:54  Widow Mine  
  39  4:01  Banshee  
  42  4:06  Marine  
  43  4:43  Command Center  
  42  5:33  Liberator  
  42  5:46  Widow Mine x2  
  42  5:47  Marine  
  42  5:48  Banshee  
  50  5:58  Command Center  
  50  6:05  Marine  
  51  6:16  Liberator  
  48  6:39  Marine  
  50  6:57  Marine  
  47  7:14  Marine  
  48  7:17  Barracks  
  48  7:18  Medivac  
  48  7:19  Widow Mine x2  
  48  7:21  Orbital Command  
  54  7:28  Barracks, Medivac  
  56  7:30  Barracks  
  56  7:32  Marine  
  57  7:51  Barracks  
  57  7:52  Barracks  
  57  8:02  Banshee  
  60  8:06  Barracks Tech Lab  
  60  8:20  Barracks Tech Lab x2  
  60  8:24  Supply Depot  
  60  8:26  Supply Depot  
  60  8:27  Viking x2  
  64  8:35  Orbital Command  
  64  9:03  Orbital Command, Raven  
  64  9:04  Viking x2  
  70  9:13  Stimpack  
  70  9:14  Concussive Shells  
  70  9:16  Combat Shields  
  70  9:18  Marauder  
  70  9:19  Marauder x2  
  76  9:46  Banshee  
  76  9:47  Viking  
  81  9:58  Marauder  
  81  9:59  Marauder  
  85  10:05  SCV x3  
  88  10:11  Refinery  
  88  10:12  Refinery  
  88  10:17  Engineering Bay  
  83  11:36  Marauder x2  
  83  11:37  Marauder  
  74  11:57  Marauder  
  58  12:24  Marine  
  58  12:25  Marine x3  
  58  12:26  Marine  
  48  12:42  Marine  
  48  12:43  Marine x3  
  46  12:44  Marine  
  47  13:04  Marine  
  47  13:06  Marine  
Tags
 
Add a new tag
Caveats
  • Supply blocks, unpowered buildings, or Contaminate may cause inaccurate times.
  • Supply counts are checked every 10 seconds.